 Dungeon Crawl Stone Soup version 0.27.1-34-g3ba077fa99 (webtiles) character file.

Game seed: 10609588968295201373

33 growler the Gusty (level 3, 0/19 HPs)
             Began as a Tengu Air Elementalist on Jan 4, 2022.
             Slain by Crazy Yiuf (17 damage)
             ... on level 2 of the Dungeon.
             The game lasted 00:05:23 (1710 turns).

growler the Gusty (Tengu Air Elementalist)          Turns: 1710, Time: 00:05:24

Health: 0/19       AC:  2    Str:  8    XL:     3   Next: 29%
Magic:  1/7        EV: 12    Int: 16    God:
Gold:   79         SH:  0    Dex: 14    Spells: 1/7 levels left

rFire    . . .     SeeInvis .   e - +2 dagger (drain)
rCold    . . .     Faith    .   (no shield)
rNeg     . . .     Spirit   .   a - +0 robe
rPois    .         Reflect  .   (helmet restricted)
rElec    .         Harm     .   (no cloak)
rCorr    .         Rampage  .   (no gloves)
Will     .....                  (boots unavailable)
Stlth    ++........             (no amulet)
HPRegen  0.06/turn              (no ring)
MPRegen  0.10/turn              (no ring)

@: no status effects
A: beak, talons 3
a: no special abilities


You were on level 2 of the Dungeon.
You visited 1 branch of the dungeon, and saw 2 of its levels.

You collected 79 gold pieces.

Inventory:

Hand Weapons
 e - a +2 dagger of draining (weapon)
   (You took it off a goblin on level 1 of the Dungeon)
Armour
 a - a +0 robe (worn)
Scrolls
 b - a scroll of teleportation {unknown}
 c - a scroll of noise {unknown}
 d - a scroll of fear {unknown}
 f - a scroll of immolation {unknown}
 g - a scroll of enchant weapon {unknown}
 h - a scroll of brand weapon {unknown}
 i - a scroll of identify {unknown}
Potions
 j - a potion of degeneration {unknown}


   Skills:
 - Level 2.1 Dodging
 - Level 2.0 Stealth
 + Level 2.5 Spellcasting
 + Level 2.6 Conjurations
 + Level 4.6 Air Magic


You had one spell level left.
You knew the following spells:

 Your Spells              Type           Power      Damage    Failure   Level
a - Shock                 Conj/Air       52%        1d6       4%          1
d - Static Discharge      Conj/Air       13%        N/A       7%          2
s - Swiftness             Air            16%        N/A       9%          3

Your spell library contained the following spells:

 Spells                   Type           Power      Damage    Failure   Level
 Corpse Rot               Necr/Air       N/A        N/A       12%         2
 Airstrike                Air            8%         N/A       28%         4
 Dispel Undead            Necr           2%         3d7       89%         4
 Death Channel            Necr           1%         N/A       100%        6


Dungeon Overview and Level Annotations

Branches:
Dungeon (2/15)

Altars:

Annotations:
D:2 Crazy Yiuf


Innate Abilities, Weirdness & Mutations

You have a beak for a mouth.
You have claws for feet.


Message History

You climb upwards.
There is a stone staircase leading down here.
There is a stone staircase leading down here.
You climb downwards.
Found a scroll labelled XAARAI KERCHYQ.
Found two stone staircases leading down.
There is a stone staircase leading up here.
The kobold shouts!
The kobold hits you with a +0 whip.
You hit the kobold. You drain the kobold.
You kill the kobold!
No target in view!
Things that are here:
a +0 whip; a kobold corpse
i - a scroll labelled XAARAI KERCHYQ
Found a stone staircase leading down.
A kobold comes into view. It is wielding a +0 short sword.
A kobold is nearby!
The kobold shouts!
The kobold hits you with a +0 short sword.
You miss the kobold. You claw the kobold.
You kill the kobold!
Found 11 gold pieces.
You now have 79 gold pieces (gained 11).
Found a fuming black potion.
j - a fuming black potion
Found a weird jewelled staff.
You see here a staff of cold.
Found three maces.
You see here a +0 mace.
Found a mace.
You see here a +0 mace.
You open the door.
Crazy Yiuf shouts!
The zap hits Crazy Yiuf.
The zap misses Crazy Yiuf.
You see here a +0 mace.
Crazy Yiuf cries, "Adder arga hand!"
The zap misses Crazy Yiuf.
The zap hits Crazy Yiuf.
Crazy Yiuf is struck by an arc of lightning!
You are struck by an arc of lightning.
The lightning grounds out.
Crazy Yiuf cries, "Snurf light King!"
Crazy Yiuf barely misses you.
Crazy Yiuf is struck by an arc of lightning.
You are struck by an arc of lightning.
The lightning grounds out.
Crazy Yiuf barely misses you.
The zap misses Crazy Yiuf.
The zap hits Crazy Yiuf.
Crazy Yiuf cries, "Aardvark hog eyeball!"
Crazy Yiuf hits you with a +3 quarterstaff of chaos!
Ouch! That really hurt!
You die...

#'# #.#.# ##)#
##..## #.##
#....# ##)#
#.#.#. #.##
#.>.## ##.##
#.###. #...## #.#
#. #.g..# #.# #.
#.@..# #.# #.
##..## #.# #.
#...# #.# ##
##.##########.#
#....|.......####
##########.#.....
#.#.#### #.#.####
#.......


You could see Crazy Yiuf.

Vanquished Creatures
  3 dart slugs
  3 ball pythons (D:1)
  6 bats (D:1)
  2 endoplasms (D:1)
  2 goblins (D:1)
  A hobgoblin (D:1)
  4 kobolds
  2 frilled lizards (D:1)
  3 rats (D:1)
26 creatures vanquished.

Notes
Turn   | Place    | Note
-------+----------+-------------------------------------------
     0 | D:1      | growler the Tengu Air Elementalist began the quest for the
                  | Orb.
     0 | D:1      | Reached XP level 1. HP: 10/10 MP: 4/4
   130 | D:1      | Reached XP level 2. HP: 15/15 MP: 1/6
   184 | D:1      | Learned a level 2 spell: Static Discharge
  1064 | D:1      | Reached XP level 3. HP: 19/19 MP: 5/7
  1068 | D:1      | Learned a level 3 spell: Swiftness
  1694 | D:2      | Found a runed translucent door.
  1695 | D:2      | Noticed Crazy Yiuf
  1710 | D:2      | Slain by Crazy Yiuf

Illustrated notes

Levels and vault maps discovered:
D:1:      heliophobic_arrival_enchanted_forest, layout_loops_corners
D:2:      minmay_alternating_diamond, layout_loops_cross,
          chequers_ecumenical_altar_island, uniq_robin, uniq_crazy_yiuf_cottage,
          uniq_sigmund

Skill      XL: |  1  2 |
---------------+-------+-----
Conjurations   | 2 |  2.6
Dodging        | |  2.1
Stealth        | |  2.0
Spellcasting   | |  2.5
Air Magic      | |  4.6

Action                   || total
-------------------------++-------
Melee: Dagger            ||    19
       Peck              ||     1
       Kick              ||     1
 Cast: Shock             ||    38
       Static Discharge  ||     2
 Stab: Sleeping          ||     1
Armor: Robe              ||     6
Dodge: Dodged            ||    15
